 Dungeon Crawl Stone Soup version 0.26.1-11-gd32895ea62 (webtiles) character file.

Game seed: 8662135412283133684

98 Mattiprrivan the Twirler (level 4, -3/29 HPs)
             Began as an Octopode Gladiator on June 10, 2021.
             Was an Initiate of Okawaru.
             Slain by Natasha (9 damage)
             ... on level 2 of the Dungeon.
             The game lasted 00:12:19 (1437 turns).

Mattiprrivan the Twirler (Octopode Gladiator)       Turns: 1437, Time: 00:12:20

Health: -3/29      AC:  0    Str: 13    XL:     4   Next: 71%
Magic:  4/4        EV: 16    Int: 10    God:    Okawaru [......]
Gold:   88         SH:  0    Dex: 14    Spells: 3/3 levels left

rFire    . . .     SeeInvis .   (weapon currently unavailable)
rCold    . . .     Faith    .   (shield currently unavailable)
rNeg     . . .     Spirit   .   (helmet currently unavailable)
rPois    .         Reflect  .   (no amulet)
rElec    .         Harm     .   (ring currently unavailable)
rCorr    .         Rampage  .   (ring currently unavailable)
Will     .....                  (ring currently unavailable)
Stlth    ++........             (ring currently unavailable)
HPRegen  0.09/turn              (ring currently unavailable)
MPRegen  0.09/turn              (ring currently unavailable)
                                (ring currently unavailable)
                                (ring currently unavailable)

@: pig-form (expiring), slowed
A: small, almost no armour, stealthy swim, (amphibious), (8 rings), (constrict
8)
a: Renounce Religion


You were on level 2 of the Dungeon.
You worshipped Okawaru.
Okawaru was noncommittal.
You were a filthy swine.
You visited 1 branch of the dungeon, and saw 2 of its levels.

You collected 88 gold pieces.

Inventory:

Hand Weapons
 a - a +0 quarterstaff (melded)
Missiles
 c - 3 throwing nets (quivered)
 e - 10 poisoned darts
Armour
 b - a +0 hat (melded)
Jewellery
 h - a ring of flight (melded)
Wands
 d - a wand of random effects (7)


   Skills:
 * Level 2.2 Fighting
 * Level 1.0(2.5) Maces & Flails
 * Level 1.0(2.5) Polearms
 * Level 3.7(3.9) Staves
 * Level 2.1 Throwing
 * Level 3.6 Dodging
 * Level 1.9 Stealth
 * Level 0.2 Unarmed Combat
 * Level 0.7 Invocations
 * Level 0.2 Evocations


You had 3 spell levels left.
You didn't know any spells.
Your spell library was empty.

Dungeon Overview and Level Annotations

Branches:
Dungeon (2/15)

Altars:
Okawaru

Annotations:
D:2 Natasha


Innate Abilities, Weirdness & Mutations

You cannot wear most types of armour.
You are very stealthy in the water. (Stealth+)
((You are amphibious.))
((You can wear up to eight rings at the same time.))
((You can use your tentacles to constrict eight enemies at once.))
((Your skin changes colour to match your surroundings (Stealth+).))
((Your rubbery body absorbs attacks. (AC +1, EV +1)))


Message History

* * * LOW HITPOINT WARNING * * *
Something claws you.
* * * LOW HITPOINT WARNING * * *
You closely miss something.
You hear a zap.
You hit something.
Aiming: Random Effects
Press: ? - help, Shift-Dir - straight line, f - you
Okay, then.
Bite: -) Teeth
Press: ? - help, Dir - move target, f - you
Okay, then.
You closely miss something. Something barely misses you.
You closely miss something. Something barely misses you.
You hear a zap.
You miss something.
Your transformation is almost over.
Something barely misses you.
You miss something. Something claws you!
You die...

#............#
#.#######.##.# #.#
#.##.# ###### ##.###
#.##.##### ......
...># #.##......
§§#### #†#.#
#.######.# §§# #.#.#
#.# #.# §§# #.#.#
#.# #.# §§# #h#.#
#.# #.# §§#
#{#.#####.######.#
..#
###.#.#............#
..#
#.......###.########
..# #.#.#.#####.#
### #.#.#.......# #
# #.######### # #..
# ###


There were no monsters in sight!

Vanquished Creatures
  Natasha (D:2)
  3 adders (D:2)
  2 oozes
  A dart slug (D:2)
  A leopard gecko (D:1)
  6 bats
  5 goblins
  5 hobgoblins
  3 jackals (D:2)
  2 kobolds
  3 frilled lizards
  6 rats
38 creatures vanquished.

Notes
Turn   | Place    | Note
-------+----------+-------------------------------------------
     0 | D:1      | Mattiprrivan the Octopode Gladiator began the quest for the
                  | Orb.
     0 | D:1      | Reached XP level 1. HP: 14/14 MP: 1/1
    62 | D:1      | Reached XP level 2. HP: 15/19 MP: 2/2
   774 | D:2      | Reached XP level 3. HP: 24/24 MP: 3/3
   780 | D:2      | Reached skill level 1 in Stealth
   861 | D:2      | Found an iron altar of Okawaru.
   869 | D:2      | Became a worshipper of Warmaster Okawaru
   982 | D:2      | Reached XP level 4. HP: 12/29 MP: 4/4
  1289 | D:2      | Noticed Natasha
  1291 | D:2      | Killed Natasha
  1337 | D:2      | Reached skill level 1 in Maces & Flails
  1337 | D:2      | Reached skill level 1 in Polearms
  1422 | D:2      | Noticed Natasha
  1437 | D:2      | Slain by Natasha

Illustrated notes

Levels and vault maps discovered:
D:1:      minmay_arrival_jagged, layout_basic
D:2:      layout_basic, okawaru_gym_becter, uniq_natasha

Skill      XL: |  1  2  3  4 |
---------------+-------------+-----
Stealth        | 1 |  1.9
Maces & Flails | 1 |  1.0
Polearms       | 1 |  1.0
Fighting       | |  2.2
Staves         | |  3.7
Throwing       | |  2.1
Dodging        | |  3.6
Unarmed Combat | |  0.2
Invocations    | |  0.7
Evocations     | |  0.2

Action                   |  1- 3 |  4- 6 || total
-------------------------+-------+-------++-------
Melee: Quarterstaff      |    59 |    19 ||    78
       Constrict         |    16 |     4 ||    20
       Tentacles         |     8 |     1 ||     9
       Unarmed           |       |    12 ||    12
Throw: Throwing net      |     1 |       ||     1
Evoke: Wand              |     2 |     2 ||     4
  Use: Scroll            |     3 |     1 ||     4
       Potion            |     3 |       ||     3
 Stab: Sleeping          |     6 |     1 ||     7
       Held in net/web   |     1 |       ||     1
Armor: Skin              |     3 |     1 ||     4
Dodge: Dodged            |    33 |    16 ||    49
